 Dungeon Crawl Stone Soup version 0.27.0-1-g7a089689b8 (webtiles) character file.

Game seed: 18347020777892202936

688 robertstho the Magician (level 7, -13/47 HPs)
             Began as a Djinni Fire Elementalist on Aug 5, 2021.
             Mangled by Duvessa (18 damage)
             ... on level 6 of the Dungeon.
             The game lasted 00:08:00 (4273 turns).

robertstho the Magician (Djinni Fire Elementalist)  Turns: 4273, Time: 00:08:00

Health: -13/47     AC:  2    Str:  7    XL:     7   Next: 94%
Gold:   49         EV: 13    Int: 18    God:
                   SH:  0    Dex: 14

rFire    + + .     SeeInvis .   (no weapon)
rCold    x . .     Faith    .   (no shield)
rNeg     . . .     Spirit   .   a - +0 robe
rPois    ∞         Reflect  .   (no helmet)
rElec    .         Harm     .   (no cloak)
rCorr    +         Rampage  .   (no gloves)
Will     .....                  (boots unavailable)
Stlth    ++........             (no amulet)
HPRegen  0.15/turn              l - ring of resist corrosion
MPRegen  0.00/turn              (no ring)

@: flying, very slightly contaminated
A: sickness immunity, fire resistance 2, cold vulnerability 1, float, innate
caster, hp casting, extra vitality 1
a: no special abilities


You were on level 6 of the Dungeon.
You visited 1 branch of the dungeon, and saw 4 of its levels.

You collected 874 gold pieces.
You spent 825 gold pieces at shops.

Inventory:

Armour
 a - a +0 robe (worn)
Jewellery
 l - a ring of resist corrosion (left hand)
Scrolls
 e - a scroll of immolation
 f - 2 scrolls of teleportation
 h - a scroll of silence
 j - 2 scrolls of enchant armour
 k - a scroll of fear
 m - a scroll of enchant weapon
 n - a scroll of vulnerability
 o - a scroll of summoning
Potions
 b - a potion of attraction
 c - a potion of brilliance
 d - a potion of lignification
 g - a potion of haste


   Skills:
 + Level 1.0 Fighting
 + Level 4.0 Dodging
 + Level 3.0 Stealth
 + Level 5.7 Spellcasting


You couldn't memorise any spells.
You knew the following spells:

 Your Spells              Type           Power      Damage    Failure   Level
a - Foxfire               Conj/Fire      100%       2x1d9     1%          1
b - Conjure Flame         Conj/Fire      25%        6-21      3%          3
c - Inner Flame           Hex/Fire       25%        N/A       3%          3
d - Sticky Flame          Conj/Fire      25%        2d5       12%         4
e - Fireball              Conj/Fire      12%        3d7       32%         5
f - Freeze                Ice            100%       1d11      1%          1
g - Poisonous Vapours     Pois/Air       50%        N/A       1%          2
h - Dazzling Flash        Conj/Hex       50%        N/A       3%          3
Your spell library was empty.

Dungeon Overview and Level Annotations

Branches:
Dungeon (3/15)

Altars:
Yredelemnul

Shops:
D:1 !*(![   D:2 ?((!   D:3 =

Annotations:
D:1 Armour shop
D:2 1423 staff / weapon shop
D:6 Duvessa


Innate Abilities, Weirdness & Mutations

You are immune to sickness and miasma.
You are immune to poison.
Your flesh is very heat resistant. (rF++)
You are vulnerable to cold. (rC-)
You float through the air rather than walking.
You learn spells naturally, not from books.
Your magical power is your life essence.
You have superior vitality. (+4 HP)


Message History

[Y]es or [N]o only, please.
The spell is quite dangerous to cast (12% risk of failure)!
Continue anyway?
Okay, then.
Casting: Sticky Flame (quite dangerous; 12% risk of failure)
Confirm with . or Enter, or press ? or * to list all spells.
The spell is quite dangerous to cast (12% risk of failure)!
Continue anyway?
Aiming: Sticky Flame (quite dangerous; 12% risk of failure)
Press: ? - help, Shift-Dir - straight line, f - Duvessa
Aim: Duvessa, wielding a +0 rapier and wearing a +0 leather armour (moderately wounded, berserk, ally target, 100% to hit)
The sticky flame hits Duvessa but does no damage.
Duvessa is moderately wounded.
Duvessa is covered in liquid flames!
Duvessa burns!
The foxfire hits Duvessa.
Duvessa is heavily wounded.
The foxfire hits Duvessa!
Duvessa is severely wounded.
Duvessa misses you. Duvessa hits you with a +0 rapier!
Duvessa burns!
Duvessa burns!
Duvessa stops burning.
Duvessa misses you. Duvessa barely misses you.
Duvessa hits you with a +0 rapier!
* * * LOW HITPOINT WARNING * * *
You feel better. Duvessa misses you.
Casting: Sticky Flame (quite dangerous; 12% risk of failure)
Confirm with . or Enter, or press ? or * to list all spells.
The spell is quite dangerous to cast (12% risk of failure)!
Continue anyway? [Y]es or [N]o only, please.
The spell is quite dangerous to cast (12% risk of failure)!
Continue anyway?
Okay, then.
Casting: Sticky Flame (quite dangerous; 12% risk of failure)
Confirm with . or Enter, or press ? or * to list all spells.
The spell is quite dangerous to cast (12% risk of failure)!
Continue anyway?
Aiming: Sticky Flame (quite dangerous; 12% risk of failure)
Press: ? - help, Shift-Dir - straight line, f/p - Duvessa
Aim: Duvessa, wielding a +0 rapier and wearing a +0 leather armour (almost dead, berserk, 100% to hit)
You miscast Sticky Flame.
You are very lightly contaminated with residual magic.
Energy rips through your body.
* * * LOW HITPOINT WARNING * * *
x2 Duvessa closely misses you.
Duvessa hits you with a +0 rapier!!
You die...

.......#.....#
...[.....$)..#
.............#
.............###
#..............# .
...............##.... .
.#...............# ..
.##....e.....####.##...
...(...@......####.....
........†.....#........
....##...####.#.....#
...# #...# #......# ...
#.............# ##
##.....#.#...##
..##.####....# ......
....... ... #.##....


You could see Duvessa (berserk).

Vanquished Creatures
  Sigmund (D:2)
  A black bear (D:6)
  A scorpion (D:6)
  Dowan (D:6)
  An orc priest (D:3)
  2 hounds (D:6)
  Natasha (twice) (D:2)
  An orc wizard (D:3)
  A hound skeleton (D:2)
  3 gnolls (D:2)
  4 adders
  2 worms (D:2)
  8 orcs (D:3)
  2 bats
  4 endoplasms
  2 giant cockroaches
  2 goblins
  6 hobgoblins
  12 jackals
  3 quokkas
  2 ball pythons
  4 frilled lizards
  2 kobolds (D:3)
  7 rats
  A spectral hobgoblin (D:3)
75 creatures vanquished.

Vanquished Creatures (collateral kills)
  A foxfire (D:1)
1 creature vanquished.

Vanquished Creatures (others)
  377 foxfires
  A plant (D:1)
378 creatures vanquished.

Grand Total: 454 creatures vanquished

Notes
Turn   | Place    | Note
-------+----------+-------------------------------------------
     0 | D:1      | robertstho the Djinni Fire Elementalist began the quest for
                  | the Orb.
     0 | D:1      | Reached XP level 1. HP: 15/15 MP: 0/0
   189 | D:1      | Reached XP level 2. HP: 14/21 MP: 0/0
   697 | D:1      | Found Usijaasm's Antique Armour Boutique.
   815 | D:1      | Reached skill level 3 in Spellcasting
   821 | D:1      | Reached XP level 3. HP: 20/25 MP: 0/0
   821 | D:1      | Learned a level 1 spell: Freeze
   912 | D:1      | Found Guruip Kaucw's Assorted Antiques.
  1223 | D:1      | Found Zenisoch's Distillery.
  1270 | D:1      | Found Gofaiwn's Weapon Shop.
  1278 | D:1      | Found Xoschef's Distillery.
  1869 | D:2      | Reached XP level 4. HP: 17/31 MP: 0/0
  2187 | D:2      | Noticed Sigmund
  2203 | D:2      | Killed Sigmund
  2204 | D:2      | Reached skill level 4 in Spellcasting
  2204 | D:2      | Reached XP level 5. HP: 26/36 MP: 0/0
  2204 | D:2      | Learned a level 2 spell: Poisonous Vapours
  2204 | D:2      | Reached XP level 6. HP: 30/41 MP: 0/0
  2354 | D:2      | Found Biemniusm's Weapon Shoppe.
  2523 | D:2      | Found Ridiohaf's Antique Weapon Emporium.
  2524 | D:2      | Found Lasawn's Magic Scroll Shop.
  2538 | D:2      | Bought a scroll of identify for 24 gold pieces
  2538 | D:2      | Bought a scroll of identify for 24 gold pieces
  2538 | D:2      | Bought a scroll of identify for 24 gold pieces
  2538 | D:2      | Identified a scroll of acquirement
  2541 | D:2      | Acquired 742 gold pieces
  2543 | D:2      | Bought a scroll of silence for 90 gold pieces
  2543 | D:2      | Bought a scroll of identify for 24 gold pieces
  2543 | D:2      | Bought 2 scrolls of enchant armour for 180 gold pieces
  2543 | D:2      | Bought a scroll of fear for 42 gold pieces
  2543 | D:2      | Bought a scroll of identify for 24 gold pieces
  2543 | D:2      | Bought a scroll of identify for 24 gold pieces
  2543 | D:2      | Bought a scroll of amnesia for 42 gold pieces
  2543 | D:2      | Bought a scroll of enchant weapon for 90 gold pieces
  2543 | D:2      | Bought a scroll of vulnerability for 90 gold pieces
  2543 | D:2      | Bought a scroll of summoning for 114 gold pieces
  2661 | D:2      | Noticed Natasha
  2666 | D:2      | Killed Natasha
  2843 | D:2      | Found Hakkanij's Distillery.
  2901 | D:2      | Bought a potion of curing for 33 gold pieces
  3073 | D:2      | Noticed Natasha
  3079 | D:2      | Killed Natasha
  3366 | D:3      | Found a basalt altar of Yredelemnul.
  3447 | D:3      | Reached XP level 7. HP: 17/46 MP: 0/0
  3447 | D:3      | Learned a level 3 spell: Dazzling Flash
  3739 | D:3      | Found Ohefust's Jewellery Emporium.
  4004 | D:3      | Found a faded altar of an unknown god.
  4046 | D:3      | Reached skill level 5 in Spellcasting
  4109 | D:3      | You are sucked into a shaft and drop 3 floors!
  4224 | D:6      | Reached skill level 1 in Fighting
  4256 | D:6      | Noticed Dowan
  4259 | D:6      | Noticed Duvessa
  4262 | D:6      | Killed Dowan
  4273 | D:6      | Mangled by Duvessa

Illustrated notes

Levels and vault maps discovered:
D:1:      dpeg_arrival_rooms_c, layout_rooms, serial_shops,
          nicolae_diamond_shop, nicolae_shop_overgrown_old_shop, shop,
          shop_statue, nicolae_shop_behind_doors
D:2:      layout_loops_ring, serial_shops, nicolae_square_shop, shop, shop,
          nicolae_lakefront_shop, uniq_natasha, uniq_sigmund
D:3:      minmay_evil_eye, layout_basic, yredelemnul_altar_generic,
          serial_shops, nicolae_diamond_shop,
          dreamdust_ecumenical_altar_drowned_temple
D:6:      layout_cave_pools, ebering_ghost_sewer_d, minmay_crystal_room,
          serial_park_tiny_1, uniq_duvessa, uniq_crazy_yiuf_cottage

Skill      XL: |  1  2  3  4  5  6  7 |
---------------+----------------------+-----
Spellcasting   | 3 4 5 |  5.7
Dodging        | 3 4 |  4.0
Stealth        | 2 3 |  3.0
Fighting       | 1 |  1.0

Action                   |  1- 3 |  4- 6 |  7- 9 || total
-------------------------+-------+-------+-------++-------
Melee: Unarmed           |     2 |       |       ||     2
 Cast: Foxfire           |    80 |    88 |    59 ||   227
       Sticky Flame      |       |       |     1 ||     1
  Use: Scroll            |       |     9 |       ||     9
       Potion            |       |       |     1 ||     1
Armor: Robe              |    10 |       |       ||    10
Dodge: Dodged            |    30 |     8 |    12 ||    50
